AoeStats
← PNAL | Mr.Costas

Hideout

510203129Analyzed
1v1 RM · 17h ago on Sep 29, 2026· 48m 56s· 2 players
Game mode
Random Map
Map size
Tiny (2 player)
Population
200
Speed
Normal
Resources
Standard
Victory
Conquest
Starting age
Dark Age
Ending age
Imperial Age
RankedLock teamsTeams togetherTeam positionsShared explorationLock speedFull tech treeHidden civsTurbo modeCheats
Victory
Defeat
🇪🇸 Gurjaras · Spain
1546
+17
🇺🇸 Portuguese · United States
1560
-17
PNAL | Mr.Costas
9:01 Feudal Age
9:01 Man-at-Arms
9:28 Double-Bit Axe
10:13 Arson
15:33 Horse Collar
18:06 Castle Age
18:37 Forging
18:12 Long Swordsman
21:00 Bow Saw
20:51 Heavy Plow
23:00 Wheelbarrow
24:54 Loom
25:02 Stone Mining
25:03 Gold Mining
26:15 Redemption
26:32 Fletching
28:51 Sanctity
34:20 Imperial Age
34:29 Gold Shaft Mining
34:02 Bodkin Arrow
34:29 Hand Cart
35:28 Fervor
36:46 Kshatriyas
36:50 Scale Barding Armor
37:21 Iron Casting
37:28 Town Watch
38:08 Husbandry
40:01 Bloodlines
39:15 Heavy Camel Rider
40:19 Conscription
40:55 Frontier Guards
42:52 Crop Rotation
42:47 Siege Elephant
44:06 Hoardings
44:35 Chemistry
47:11 Chain Barding Armor
46:52 Bracer
49:55 Plate Barding Armor
50:05 Stone Shaft Mining
ZZsimmonsZZ
7:44 Loom
10:13 Feudal Age
9:11 Loom
9:51 Loom
15:16 Castle Age
14:58 Double-Bit Axe
32:28 Light Cavalry
40:29 Imperial Age
40:35 Wheelbarrow
40:38 Wheelbarrow
40:58 Bloodlines
40:48 Husbandry
43:50 Imperial Age
41:23 Horse Collar
42:31 Bow Saw
46:06 Gold Mining
46:33 Atonement
47:08 Elite Organ Gun
47:54 Fletching
48:46 Bodkin Arrow
Connection lost

Rejoining the realm…

Still unreachable

The connection could not be restored.

Session expired

The server has moved on; the page needs a fresh start.